 Dungeon Crawl Stone Soup version 0.30.1-11-g7821555f0a (webtiles) character file.

Game seed: 16019572630189589369

169 lonewolfV2 the Covered (level 5, -2/47 HPs)
             Began as a Minotaur Fighter on Nov 7, 2023.
             Killed from afar by Sigmund (5 damage)
             ... with a puff of flame
             ... on level 2 of the Dungeon.
             The game lasted 00:01:54 (1517 turns).

lonewolfV2 the Covered (Minotaur Fighter)           Turns: 1517, Time: 00:01:55

Health: -2/47      AC:  7    Str: 22    XL:     5   Next: 25%
Magic:  4/4        EV: 10    Int:  5    God:
Gold:   132        SH:  4    Dex: 10    Spells: 4/4 levels left

rFire   . . .        a - +0 war axe
rCold   . . .        c - +0 buckler
rNeg    . . .        b - +0 scale mail
rPois   .            (helmet restricted)
rElec   .            (no cloak)
rCorr   .            (no gloves)
SInv    .            (no boots)
Will    .....        (no amulet) Stlth
                     (no ring)
HPRegen 0.27/turn    (no ring)
MPRegen 0.09/turn

%: no passive effects
@: mighty
A: horns 2, retaliatory headbutt
a: no special abilities


You were on level 2 of the Dungeon.
You visited 1 branch of the dungeon, and saw 2 of its levels.

You collected 132 gold pieces.

Inventory:

Hand Weapons
 a - a +0 war axe (weapon)
 g - the +10 sling of Vengeance {flame, rF+}
   (You took it off an orc on level 2 of the Dungeon)

   rF:        It protects you from fire.
Missiles
 e - a throwing net (quivered)
Armour
 b - a +0 scale mail (worn)
 c - a +0 buckler (worn)
Scrolls
 h - a scroll of teleportation {unknown}
Potions
 f - a potion of ambrosia {unknown}
 i - a potion of lignification {unknown}


   Skills:
 + Level 4.7 Fighting
 - Level 2.4 Axes
 + Level 4.8 Armour
 * Level 3.7 Dodging
 - Level 3.6 Shields


You had 4 spell levels left.
You didn't know any spells.
Your spell library was empty.

Dungeon Overview and Level Annotations

Branches:
Dungeon (2/15)

Altars:

Annotations:
D:2 Natasha, Sigmund


Innate Abilities, Weirdness & Mutations

You have a pair of horns on your head.
You reflexively headbutt those who attack you in melee.


Message History

You barely miss Sigmund. You block Sigmund's attack.
You hit Sigmund but do no damage.
Sigmund laughs darkly.
Sigmund points at you and mumbles some strange words.
You resist with some effort.
You hit Sigmund but do no damage. Sigmund hits you but does no damage.
You hit Sigmund but do no damage. You headbutt Sigmund, but do no damage.
You block Sigmund's attack.
You slash Sigmund!
Sigmund is moderately wounded.
Sigmund mumbles some strange words.
Sigmund flickers and vanishes!
Deactivating autopickup; reactivate with Ctrl-A.
You hear some strange, mumbled words.
A puff of flame appears from out of thin air!
The puff of flame hits you!
You miss something. Something hits you but does no damage.
You hit something. Your headbutt misses something. Something hits you.
You barely miss something. Something hits you.
You feel very mighty all of a sudden.
Natasha, Servant of Life and Death comes into view.
You hit something. Something hits you!
You hit something. Something hits you.
Natasha howls an incantation.
Natasha shimmers violently.
You miss something. Something hits you.
* * * LOW HITPOINT WARNING * * *
You completely miss something. Your headbutt misses something.
You hear some strange, mumbled words.
Something tries to affect you, but you resist.
You barely miss something.
You hear some strange, mumbled words.
A magic dart appears from out of thin air!
The magic dart hits you!
* * * LOW HITPOINT WARNING * * *
Natasha mumbles some strange words.
You hear some strange, mumbled words.
A puff of flame appears from out of thin air!
The puff of flame hits you.
You die...

#.##...##########.#
##.##..............#
....#..#############
##.....# #.##..#
#.##..# #.....#
#####.# #########
####.# #.....@.#
###.##.# #.#####{#
.....#.####.#####h#
###.##.#........#5#
#.#....##.###.#.#
#......##.# #.#
###...###.# #.#
##.## #.. ..# #.#
###


You could see Natasha and a cerulean imp (summoned).

Vanquished Creatures
  A black bear (D:2)
  A gnoll (D:1)
  2 adders (D:2)
  A worm (D:2)
  3 orcs (D:2)
  4 ball pythons (D:1)
  4 bats (D:1)
  2 endoplasms (D:1)
  2 giant cockroaches
  5 goblins
  6 hobgoblins
  2 jackals (D:2)
  5 kobolds
  2 quokkas
  2 frilled lizards (D:1)
  4 rats
46 creatures vanquished.

Notes
Turn   | Place    | Note
-------+----------+-------------------------------------------
     0 | D:1      | lonewolfV2 the Minotaur Fighter began the quest for the
                  | Orb.
     0 | D:1      | Reached XP level 1. HP: 19/19 MP: 0/0
   130 | D:1      | Reached skill level 1 in Dodging
   179 | D:1      | Reached XP level 2. HP: 27/27 MP: 1/1
   239 | D:1      | Noticed a shining eye
   251 | D:1      | Noticed an eye of devastation
   256 | D:1      | Found a faded altar of an unknown god.
   262 | D:1      | Noticed a shining eye
   387 | D:1      | Reached XP level 3. HP: 32/33 MP: 2/2
   596 | D:1      | Noticed a golden eye
   956 | D:2      | Identified the +10 sling of Vengeance {flame, rF+}
  1277 | D:2      | Reached XP level 4. HP: 39/40 MP: 3/3
  1325 | D:2      | Noticed a black bear
  1331 | D:2      | Killed a black bear
  1332 | D:2      | Reached XP level 5. HP: 40/47 MP: 4/4
  1493 | D:2      | Noticed Sigmund
  1512 | D:2      | Noticed Natasha
  1517 | D:2      | Killed from afar by Sigmund

Illustrated notes

Levels and vault maps discovered:
D:1:      wander_arrival_abandoned_jail, layout_loops_ring,
          hellmonk_ecumenical_altar_watching_god, kennysheep_flooded_box,
          minmay_misc_feat_cross
D:2:      layout_loops_corners, guppyfry_early_orc_mine, uniq_natasha,
          uniq_sigmund, uniq_crazy_yiuf_cottage

Skill      XL: |  1  2  3  4 |
---------------+-------------+-----
Dodging        | 1 2 3 |  3.7
Fighting       | 4 |  4.7
Armour         | 4 |  4.8
Axes           | |  2.4
Shields        | |  3.6

Action                     |  1- 3 |  4- 6 || total
---------------------------+-------+-------++-------
  Melee: War axe           |    88 |    26 ||   114
         Headbutt          |    10 |     2 ||    12
    Use: Scroll            |     1 |       ||     1
         Potion            |       |     1 ||     1
 Armour: Scale mail        |    43 |    12 ||    55
  Dodge: Dodged            |    41 |    14 ||    55
  Block: Buckler           |    17 |     6 ||    23
